 Dungeon Crawl Stone Soup version 0.26.1-11-gd32895ea62 (webtiles) character file.

Game seed: 1380746772668460385

2232 robloxmaster the Cleaver (level 9, -5/83 HPs)
             Began as a Minotaur Berserker on May 18, 2021.
             Was a Priest of Trog.
             Slain by an ogre
             ... wielding a +0 giant club
              (15 damage)
             ... on level 7 of the Dungeon.
             The game lasted 00:10:19 (8188 turns).

robloxmaster the Cleaver (Minotaur Berserker)       Turns: 8188, Time: 00:10:20

Health: -5/83      AC:  4    Str: 25    XL:     9   Next: 14%
Magic:  8/8        EV: 12    Int:  4    God:    Trog [***...]
Gold:   349        SH:  0    Dex: 10    Spells: 8/8 levels left

rFire    . . .     SeeInvis .   a - +0 hand axe
rCold    . . .     Faith    .   (no shield)
rNeg     . . .     Spirit   .   c - +0 leather armour
rPois    .         Reflect  .   (helmet restricted)
rElec    .         Harm     .   (no cloak)
rCorr    .         Rampage  .   (no gloves)
Will     .....                  (no boots)
Stlth    +.........             (no amulet)
HPRegen  0.23/turn              (no ring)
MPRegen  0.11/turn              (no ring)

@: berserk cooldown, attractive, slowed, very slow
A: retaliatory headbutt, horns 2
a: Renounce Religion, Berserk, Trog's Hand


You were on level 7 of the Dungeon.
You worshipped Trog.
Trog was most pleased with you.
You visited 1 branch of the dungeon, and saw 8 of its levels.

You collected 349 gold pieces.

Inventory:

Hand Weapons
 a - a +0 hand axe (weapon)
Armour
 c - a +0 leather armour (worn)
 D - the +3 leather armour "Ynur Xyn" {Harm rPois}
   (You found it on level 5 of the Dungeon)

   It protects you from poison.
   It increases damage dealt and taken.
Jewellery
 e - an uncursed ring of resist corrosion {unknown}
 i - an uncursed ring of positive energy {unknown}
 x - an uncursed ring of positive energy {unknown}
 z - an uncursed ring of protection from fire {unknown}
 B - a cursed amulet of inaccuracy {unknown}
 E - an uncursed ring of protection from fire {unknown}
Wands
 n - a wand of enslavement (8)
 H - a wand of flame (18)
Scrolls
 b - 3 scrolls of immolation
 f - a scroll of enchant weapon {unknown}
 g - 8 scrolls of identify
 j - 7 scrolls of teleportation
 m - a scroll of magic mapping {unknown}
 o - a scroll of random uselessness {unknown}
 p - 3 scrolls of blinking
 r - 2 scrolls of fog
 w - a scroll of fear
 y - 2 scrolls of remove curse
 A - 4 scrolls of enchant armour
Potions
 d - 5 potions of attraction
 h - 11 potions of curing
 k - a potion of heal wounds {unknown}
 l - 2 potions of berserk rage {unknown}
 q - 2 potions of might {unknown}
 s - 3 potions of ambrosia {unknown}
 t - 3 potions of haste
 u - a potion of brilliance
 v - a potion of lignification {unknown}
 C - 2 potions of flight {unknown}
 F - a potion of magic {unknown}


   Skills:
 + Level 9.2 Fighting
 + Level 9.3 Axes
 + Level 8.5 Armour
 - Level 2.5 Dodging


You had 8 spell levels left.
You didn't know any spells.
Your spell library was empty.

Dungeon Overview and Level Annotations

Branches:
Dungeon (8/15)             Temple (0/1) D:7
   Lair: D:8-11

Altars:
Cheibriados
Fedhas
Wu Jian
Xom
Yredelemnul
Zin
The Shining One

Annotations:
D:7 1 runed translucent door


Innate Abilities, Weirdness & Mutations

You reflexively headbutt those who attack you in melee.
You have a pair of horns on your head.


Message History

The ogre is heavily wounded.
You hit the polar bear. You hit the bush but do no damage. You hit the bush. x2
The polar bear bites you!
The polar bear claws you but does no damage.
The polar bear claws you.
* * * LOW HITPOINT WARNING * * *
You are too berserk!
The ogre closely misses you.
You feel a strong urge to attack something.
You feel your anger nearly subside.
You are no longer berserk.
You are exhausted.
You feel yourself slow down.
It was a potion of curing.
You feel better.
It was a potion of attraction.
You feel attractive to monsters.
The ogre hits you with a +0 giant club!!
* * * LOW HITPOINT WARNING * * *
The ogre hits you with a +0 giant club!
You die... ######P.P.........P# #..... ####PPP.PPP.PPP.P#

#..### ###...P..[..P...P.P#
#..#p+
....#.PPPPPPPPPPP.P#########..###
###....#.>..####.................
##.............########.##.....
#####.##.###### #.....##.....
###...########.######.....
#....hO@.....# ######
#...########## #####


You could see a polar bear and an ogre.

Vanquished Creatures
  Pikel (D:5)
  Grinder (D:5)
  A steam dragon (D:7)
  Edmund (D:5)
  3 ice beasts (D:7)
  A sky beast (D:6)
  An ogre (D:6)
  A lemure (D:5)
  2 scorpions
  3 wights (D:7)
  A howler monkey (D:6)
  3 jellies
  A centaur skeleton (D:7)
  2 hounds (D:7)
  4 orc wizards
  An iguana (D:6)
  2 worker ants (D:4)
  A bullfrog simulacrum (D:8)
  A worker ant zombie (D:5)
  10 adders
  2 shadow imps
  2 white imps
  An ooze (D:2)
  An adder skeleton (D:5)
  A worm (D:3)
  3 dart slugs
  An adder simulacrum (D:8)
  2 leopard geckos
  21 orcs
  A ball python (D:3)
  6 giant cockroaches
  2 gnoll zombies (D:5)
  11 hobgoblins
  7 kobolds
  7 bats
  3 frilled lizards
  9 goblins
  A goblin skeleton (D:7)
  A jackal zombie (D:5)
  A quokka skeleton (D:4)
  A quokka zombie (D:5)
  8 rats
133 creatures vanquished.

Vanquished Creatures (others)
  An orc (D:5)
  15 plants (D:5)
16 creatures vanquished.

Grand Total: 149 creatures vanquished

Notes
Turn   | Place    | Note
-------+----------+-------------------------------------------
     0 | D:1      | robloxmaster the Minotaur Berserker began the quest for the
                  | Orb.
     0 | D:1      | Reached XP level 1. HP: 19/19 MP: 0/0
   327 | D:1      | Reached XP level 2. HP: 23/27 MP: 1/1
   822 | D:1      | Reached XP level 3. HP: 33/33 MP: 2/2
   855 | D:1      | Reached ** piety under Trog
  1231 | D:2      | Reached XP level 4. HP: 41/41 MP: 3/3
  1546 | D:2      | Reached skill level 5 in Axes
  1691 | D:3      | Found a glowing golden altar of the Shining One.
  1709 | D:3      | Found a snail-covered altar of Cheibriados.
  1812 | D:3      | Reached XP level 5. HP: 47/47 MP: 4/4
  1887 | D:3      | Reached skill level 5 in Fighting
  1984 | D:3      | Reached *** piety under Trog
  3347 | D:4      | Found an ornate altar of the Wu Jian Council.
  3422 | D:4      | Reached XP level 6. HP: 46/56 MP: 5/5
  3777 | D:5      | Entered Level 5 of the Dungeon
  3819 | D:5      | Noticed Edmund
  3834 | D:5      | Killed Edmund
  4019 | D:5      | Reached skill level 5 in Armour
  4158 | D:5      | Noticed Pikel
  4177 | D:5      | Killed Pikel
  4178 | D:5      | Reached XP level 7. HP: 66/66 MP: 6/6
  4377 | D:5      | Noticed Grinder
  4395 | D:5      | Killed Grinder
  4396 | D:5      | Reached XP level 8. HP: 13/73 MP: 7/7
  4706 | D:5      | Got a crude leather armour
  4717 | D:5      | Identified the +3 leather armour "Ynur Xyn" {Harm rPois}
                  | (You found it on level 5 of the Dungeon)
  4807 | D:5      | Found a basalt altar of Yredelemnul.
  6602 | D:6      | You fall into a shaft and drop 1 floor!
  6878 | D:7      | Found a blossoming altar of Fedhas.
  7436 | D:7      | Found a staircase to the Ecumenical Temple.
  7472 | D:7      | Noticed an angel
  7652 | D:7      | Found a shimmering altar of Xom.
  7653 | D:7      | Found a glowing silver altar of Zin.
  7733 | D:7      | Found a runed translucent door.
  7810 | D:7      | Reached XP level 9. HP: 66/83 MP: 8/8
  8011 | D:8      | Noticed a polar bear
  8188 | D:7      | Slain by an ogre

Illustrated notes

Levels and vault maps discovered:
D:1:      lemuel_arrival_cross, layout_loops_cross
D:2:      layout_rooms, minmay_ruptured
D:3:      layout_loops_ring, minitemple
D:4:      layout_gridville, pdpol_wu_jian_five_deadly_venoms
D:5:      layout_loops_ring, lemuel_zombie_altar_yredelemnul, serial_bayou,
          serial_bayou_shore_a, serial_bayou_lagoon_b, serial_bayou_pond_e,
          serial_bayou_shore_b, uniq_grinder, uniq_pikel, uniq_edmund
D:6:      layout_basic
D:7:      layout_loops_ring, grunt_temple_overflow_order_and_chaos_1,
          fedhas_altar_1, minmay_temple_entry_trees, minmay_hedge_maze,
          dk_yredelemnul_ordeal
D:8:      layout_layer_cave, nicolae_ru_path_of_blood, enter_bailey_3,
          serial_ice, serial_ice_f, serial_ice_i, serial_ice_d, serial_ice_b,
          kennysheep_cross_room

Skill      XL: |  1  2  3  4  5  6  7  8 |
---------------+-------------------------+-----
Axes           | 4 5 7 9 |  9.3
Fighting       | 4 5 7 9 |  9.2
Armour         | 3 4 6 8 |  8.5
Dodging        | |  2.5

Action                   |  1- 3 |  4- 6 |  7- 9 || total
-------------------------+-------+-------+-------++-------
Melee: Hand axe          |    68 |   117 |   164 ||   349
       Headbutt          |    15 |    21 |    34 ||    70
Invok: Berserk           |     1 |     3 |     4 ||     8
       Trog's Hand       |       |     1 |     1 ||     2
  Use: Potion            |       |     3 |     2 ||     5
       Scroll            |       |       |     8 ||     8
 Stab: Invisible         |       |     1 |     2 ||     3
Armor: Leather armour    |    21 |    10 |    22 ||    53
Dodge: Dodged            |    47 |    61 |    88 ||   196
